 Dungeon Crawl Stone Soup version 0.21.0-3-g78d12a8bdd (webtiles) character file.

3718 Jerry the Blocker (level 10, -9/80 HPs)
             Began as a Gnoll Fighter on Jan 10, 2018.
             Mangled by a two-headed ogre
             ... wielding a +0 giant club
              (14 damage)
             ... on level 7 of the Dungeon.
             The game lasted 00:23:20 (8493 turns).

Jerry the Blocker (Gnoll Fighter)                   Turns: 8493, Time: 00:23:20

Health: -9/80      AC: 17    Str: 18    XL:     10   Next: 14%
Magic:  35/35      EV:  9    Int: 14    God:
Gold:   285        SH: 13    Dex: 15    Spells: 18/18 levels left

rFire    . . .     SeeInvis .   a - +1 long sword
rCold    + . .     Gourm    .   c - +0 shield
rNeg     . . .     Faith    .   u - +2 chain mail {rC+}
rPois    .         Spirit   .   (no helmet)
rElec    .         Reflect  +   q - +2 cloak
rCorr    .         Harm     .   r - +0 pair of gloves
MR       .....                  (no boots)
Stlth    ..........             F - +2 amulet of reflection
HPRegen  0.23/turn              y - ring of magical power
MPRegen  0.24/turn              B - ring of magical power

@: no status effects
A: distributed training, fangs 1, strong nose
a: no special abilities


You were on level 7 of the Dungeon.
You were very hungry.

You visited 2 branches of the dungeon, and saw 9 of its levels.
You also visited: Sewer.

You collected 285 gold pieces.

Inventory:

Hand Weapons
 a - a +1 long sword (weapon)
 o - a +0 dagger of venom
 t - a +1 spear of venom
Armour
 c - a +0 shield (worn)
 q - a +2 cloak (worn)
 r - a +0 pair of gloves (worn)
 u - a +2 chain mail of cold resistance (worn)
Jewellery
 y - a ring of magical power (left hand)
 B - a ring of magical power (right hand)
 F - a +2 amulet of reflection (around neck)
 G - an uncursed amulet of regeneration {unknown}
Wands
 d - a wand of acid (12)
 D - a wand of iceblast (20)
Scrolls
 i - a scroll of fog
 j - 3 scrolls of noise
 n - a scroll of enchant weapon
 p - 2 scrolls of identify
 s - a scroll of teleportation
 E - a scroll of remove curse
Potions
 e - a potion of brilliance {unknown}
 g - 5 potions of heal wounds
 h - 4 potions of degeneration {unknown}
 k - 2 potions of flight {unknown}
 l - a potion of lignification {unknown}
 m - 2 potions of haste {unknown}
 v - 4 potions of curing
 w - a potion of invisibility {unknown}
 x - a potion of resistance {unknown}
 z - 2 potions of berserk rage {unknown}
 A - a potion of mutation {unknown}
 C - a potion of agility {unknown}
Comestibles
 f - 13 rations


   Skills:
 + Level 8.3 Fighting
 + Level 4.9 Short Blades
 + Level 6.8 Long Blades
 + Level 4.9 Axes
 + Level 4.9 Maces & Flails
 + Level 4.9 Polearms
 + Level 4.9 Staves
 + Level 4.9 Slings
 + Level 4.9 Bows
 + Level 4.9 Crossbows
 + Level 4.9 Throwing
 + Level 8.3 Armour
 + Level 4.9 Dodging
 + Level 4.9 Stealth
 + Level 8.3 Shields
 + Level 4.9 Unarmed Combat
 + Level 4.9 Spellcasting
 + Level 4.0 Conjurations
 + Level 4.0 Hexes
 + Level 4.0 Charms
 + Level 4.0 Summonings
 + Level 4.0 Necromancy
 + Level 4.0 Translocations
 + Level 4.0 Transmutations
 + Level 4.0 Fire Magic
 + Level 4.0 Ice Magic
 + Level 4.0 Air Magic
 + Level 4.0 Earth Magic
 + Level 4.0 Poison Magic
 + Level 5.4 Invocations
 + Level 4.9 Evocations


You had 18 spell levels left.
You didn't know any spells.

Dungeon Overview and Level Annotations

Branches:
Dungeon (8/15)             Temple (1/1) D:4
   Lair: D:8-11

Altars:
Ashenzari
Cheibriados
Elyvilon
Fedhas
Gozag
Kikubaaqudgha
Makhleb
Okawaru
Ru
Uskayaw
Wu Jian
Zin
The Shining One

Annotations:
D:8 Erica


Innate Abilities, Weirdness & Mutations

Your experience applies equally to all skills.
You have very sharp teeth.
Your uncanny sense of smell can sniff out nearby items.


Message History

The two-headed ogre is almost dead.
You barely miss the two-headed ogre.
The two-headed ogre is almost dead.
You block the two-headed ogre's attack. x2
You hit the two-headed ogre but do no damage.
Your bite misses the two-headed ogre.
The two-headed ogre is almost dead.
The two-headed ogre hits you with a giant club!
* * * LOW HITPOINT WARNING * * *
The two-headed ogre hits you with a giant spiked club.
* * * LOW HITPOINT WARNING * * *
You barely miss the two-headed ogre.
The two-headed ogre is almost dead.
You block the two-headed ogre's attack. x2
You hit the two-headed ogre.
The two-headed ogre is almost dead.
Your chain mail prevents you from hitting the two-headed ogre.
The two-headed ogre is almost dead.
The two-headed ogre hits you with a giant club!
You die...

#...............#
#...............##
#..........##.#..#
#..........##.#..###
####+#.###.##.#..#.#
#...# #.......#.#
#####..###.##.#.[..#
#.......(..........#
#.....@O...##.#..###
#......(.........#
#...(((.....#....#
#..(........#.##.#
#...............)#
#...........######
#..........<#
#...........#
#...........#


You could see a two-headed ogre.

Vanquished Creatures
  Pikel (D:6)
  2 hippogriffs
  Sigmund (D:6)
  Grum (D:8)
  Edmund (D:5)
  2 sky beasts
  An ice beast (D:5)
  2 orc warriors
  2 ogres (D:7)
  A necrophage (D:6)
  A wolf (D:8)
  4 centaurs
  4 big kobolds
  Blork the orc (D:5)
  A bullfrog (D:8)
  A water moccasin zombie (D:5)
  A scorpion (D:6)
  2 howler monkeys
  A crimson imp (D:5)
  A centaur zombie (D:5)
  Crazy Yiuf (D:2)
  A hound (D:7)
  A jelly (D:6)
  An orc priest (D:4)
  A centaur skeleton (D:5)
  2 iguanas
  2 orc wizards (D:6)
  8 worker ants
  7 gnolls
  7 adders
  A shadow imp (D:7)
  An ooze (D:5)
  5 worms
  4 dart slugs
  5 leopard geckos
  13 orcs
  3 giant cockroaches
  16 hobgoblins
  13 jackals
  2 quokkas (D:3)
  5 ball pythons
  11 bats
  10 frilled lizards
  5 goblins
  40 kobolds
  A leopard gecko zombie (D:5)
  5 rats
  2 plants (Sewer)
204 creatures vanquished.

Vanquished Creatures (others)
  A centaur (D:6)
  An orc (D:8)
  A kobold (D:8)
3 creatures vanquished.

Grand Total: 207 creatures vanquished

Notes
Turn   | Place    | Note
-------+----------+-------------------------------------------
     0 | D:1      | Jerry the Gnoll Fighter began the quest for the Orb.
     0 | D:1      | Reached XP level 1. HP: 23/23 MP: 1/1
    69 | D:1      | Reached XP level 2. HP: 24/29 MP: 2/2
   351 | D:1      | Reached XP level 3. HP: 34/35 MP: 3/3
   682 | D:2      | Reached skill level 1 in Invocations
   695 | D:2      | Reached skill level 1 in Short Blades
   695 | D:2      | Reached skill level 1 in Axes
   695 | D:2      | Reached skill level 1 in Maces & Flails
   695 | D:2      | Reached skill level 1 in Polearms
   695 | D:2      | Reached skill level 1 in Staves
   695 | D:2      | Reached skill level 1 in Slings
   695 | D:2      | Reached skill level 1 in Bows
   695 | D:2      | Reached skill level 1 in Crossbows
   695 | D:2      | Reached skill level 1 in Throwing
   695 | D:2      | Reached skill level 1 in Dodging
   695 | D:2      | Reached skill level 1 in Stealth
   695 | D:2      | Reached skill level 1 in Unarmed Combat
   695 | D:2      | Reached skill level 1 in Spellcasting
   695 | D:2      | Reached skill level 1 in Evocations
   794 | D:2      | Reached XP level 4. HP: 41/41 MP: 5/5
   900 | D:2      | Found a runed door.
  1407 | D:2      | Noticed Crazy Yiuf
  1416 | D:2      | Killed Crazy Yiuf
  1416 | D:2      | Reached skill level 1 in Conjurations
  1416 | D:2      | Reached skill level 1 in Hexes
  1416 | D:2      | Reached skill level 1 in Charms
  1416 | D:2      | Reached skill level 1 in Summonings
  1416 | D:2      | Reached skill level 1 in Necromancy
  1416 | D:2      | Reached skill level 1 in Translocations
  1416 | D:2      | Reached skill level 1 in Transmutations
  1416 | D:2      | Reached skill level 1 in Fire Magic
  1416 | D:2      | Reached skill level 1 in Ice Magic
  1416 | D:2      | Reached skill level 1 in Air Magic
  1416 | D:2      | Reached skill level 1 in Earth Magic
  1416 | D:2      | Reached skill level 1 in Poison Magic
  1861 | D:3      | Noticed a big kobold
  1874 | D:3      | Reached XP level 5. HP: 47/47 MP: 6/6
  1964 | D:3      | Killed a big kobold
  2135 | D:3      | Noticed a big kobold
  2306 | D:3      | Killed a big kobold
  2306 | D:3      | Reached XP level 6. HP: 50/53 MP: 8/8
  2952 | D:4      | Found a glowing drain.
  2972 | Sewer    | Entered a sewer
  3080 | Sewer    | Reached skill level 5 in Long Blades
  4170 | D:4      | Reached XP level 7. HP: 59/59 MP: 10/10
  4236 | D:4      | Found a staircase to the Ecumenical Temple.
  4245 | Temple   | Entered the Ecumenical Temple
  4828 | D:5      | Entered Level 5 of the Dungeon
  4839 | D:5      | Noticed Edmund
  4867 | D:5      | Killed Edmund
  4917 | D:5      | Reached XP level 8. HP: 43/67 MP: 12/12
  5218 | D:5      | Found an ornate altar of the Wu Jian Council.
  5314 | D:5      | Noticed Blork the orc
  5338 | D:5      | Killed Blork the orc
  5653 | D:5      | Found a glowing silver altar of Zin.
  5715 | D:5      | Found a sacrificial altar of Ru.
  6164 | D:6      | Noticed Sigmund
  6341 | D:6      | Found a snail-covered altar of Cheibriados.
  6386 | D:6      | Killed Sigmund
  6434 | D:6      | Reached XP level 9. HP: 72/72 MP: 14/14
  6618 | D:6      | Noticed Pikel
  6644 | D:6      | Killed Pikel
  6752 | D:6      | Found an iron altar of Okawaru.
  7516 | D:7      | Reached skill level 5 in Invocations
  7698 | D:8      | Noticed a two-headed ogre
  7752 | D:8      | Noticed Erica
  7752 | D:8      | Noticed a two-headed ogre
  7959 | D:8      | Reached XP level 10. HP: 72/80 MP: 17/17
  8167 | D:8      | Noticed Grum
  8187 | D:8      | Killed Grum
  8461 | D:8      | Noticed a two-headed ogre
  8490 | D:7      | HP: 4/80 [two-headed ogre/giant club (6)]
  8493 | D:7      | Mangled by a two-headed ogre

Skill      XL: |  1  2  3  4  5  6  7  8  9 10 |
---------------+-------------------------------+-----
Invocations    | 1 2 3 4 5 |  5.4
Short Blades   | 1 2 3 4 |  4.9
Axes           | 1 2 3 4 |  4.9
Maces & Flails | 1 2 3 4 |  4.9
Polearms       | 1 2 3 4 |  4.9
Staves         | 1 2 3 4 |  4.9
Slings         | 1 2 3 4 |  4.9
Bows           | 1 2 3 4 |  4.9
Crossbows      | 1 2 3 4 |  4.9
Throwing       | 1 2 3 4 |  4.9
Dodging        | 1 2 3 4 |  4.9
Stealth        | 1 2 3 4 |  4.9
Unarmed Combat | 1 2 3 4 |  4.9
Spellcasting   | 1 2 3 4 |  4.9
Evocations     | 1 2 3 4 |  4.9
Conjurations   | 1 2 3 4 |  4.0
Hexes          | 1 2 3 4 |  4.0
Charms         | 1 2 3 4 |  4.0
Summonings     | 1 2 3 4 |  4.0
Necromancy     | 1 2 3 4 |  4.0
Translocations | 1 2 3 4 |  4.0
Transmutations | 1 2 3 4 |  4.0
Fire Magic     | 1 2 3 4 |  4.0
Ice Magic      | 1 2 3 4 |  4.0
Air Magic      | 1 2 3 4 |  4.0
Earth Magic    | 1 2 3 4 |  4.0
Poison Magic   | 1 2 3 4 |  4.0
Long Blades    | 5 6 |  6.8
Fighting       | 7 8 |  8.3
Armour         | 7 8 |  8.3
Shields        | 7 8 |  8.3

Action                   |  1- 3 |  4- 6 |  7- 9 | 10-12 || total
-------------------------+-------+-------+-------+-------++-------
Melee: Long sword        |   101 |   215 |   369 |    75 ||   760
       Bite              |     9 |    41 |    62 |     8 ||   120
       Mace              |       |    73 |       |       ||    73
  Use: Scroll            |       |     8 |     3 |     2 ||    13
       Potion            |       |       |     2 |       ||     2
  Eat: Chunk             |       |     8 |     9 |     1 ||    18
       Ration            |       |     1 |     1 |       ||     2
Armor: Scale mail        |    41 |    82 |       |       ||   123
       Chain mail        |       |     6 |   175 |    35 ||   216
Dodge: Dodged            |    26 |    86 |   101 |    27 ||   240
Block: Shield            |    57 |   130 |   240 |    64 ||   491
       Reflection        |       |       |    13 |     1 ||    14
       Rpst.: Long sword |    12 |    13 |    35 |    10 ||    70
